[Event "FIDE WSTC-50-65 2022"]
[Site "Acqui Terme"]
[Date "2022.06.29"]
[Round "9.8"]
[White "Johnsen, Sylvia"]
[Black "Sokolin, Leonid"]
[Result "0-1"]
[ECO "B26"]
[WhiteElo "1903"]
[BlackElo "2464"]
[Annotator "TA"]
[PlyCount "54"]
[EventDate "2022.06.20"]
[EventType "team-tourn"]
[EventCountry "ITA"]
[SourceTitle "playchess.com"]
[Source "ChessBase"]
[SourceQuality "1"]
[TimeControl "40/5400+30:1800+30"]

1. e4 c5 2. Nc3 Nc6 3. g3 g6 4. Bg2 Bg7 5. d3 d6 6. Be3 e5 7. Qd2 {[%emt 0:06:30] 7.Nh3 gains popularity.} Nd4 8. Nd5 {[%emt 0:07:30] is the legacy move (8.Nce2).} Be6 {[%emt 0:01:30] B26: Closed Sicilian: 3 g3, lines with early Be3.} 9. c3 Bxd5 10. exd5 Nf5 {[%emt 0:00:30] The position is equal.} 11. Nh3 Nge7 {[%emt 0:03:30][%cal Bg8e7,Be7f5,Bf5e3][%mdl 32] [#]} 12. f4 $146 ({Predecessor:} 12. O-O O-O 13. Qe2 Nxe3 14. fxe3 b5 15. a4 b4 16. c4 Bh6 17. b3 Rb8 18. Rae1 {½-½ (44) Bohak,J (2311)-Larsen,A (2124) ICCF email 2013}) 12... Nxe3 13. Qxe3 Nf5 14. Qe4 O-O {[%emt 0:01:30] Threatens to win with ...exf4.} 15. O-O-O $2 {[%emt 0:04:30] [#]} (15. O-O $15) 15... Re8 (15... exf4 $1 $19 {aiming for ...Re8.} 16. Nxf4 Re8) 16. g4 {[%emt 0:04:30] [#]} (16. Rhe1 $17) 16... exf4 $1 $19 17. Qxf4 Ne3 18. Rd2 Qh4 19. Qg3 Qxg4 20. Bf3 Qa4 21. Kb1 Nf5 22. Qf2 Bf6 {[%emt 0:04:30][%cal Bg7f6,Bf6h4,Bh4e1][%mdl 32] Prevents Ng5.} 23. Rg1 {[%emt 0:01:13] [#]} (23. Re2 {was the only defense.}) 23... Bh4 $1 24. Qg2 Be1 {[%emt 0:01:30] White must now prevent ...Ne3.} 25. Rd1 $2 (25. Bd1 Qa6 26. Ng5 Bxd2 27. Qxd2) 25... Ne3 $1 26. b3 $2 {[%emt 0:00:34] [#]} (26. Qe2 Nxd1 27. Qxd1 Qxd1+ 28. Bxd1) 26... Qh4 $1 27. Rdxe1 {[%emt 0:00:52] And now Qg3 would win.} (27. Qg5 Nxd1) 27... Nxg2 {[%emt 0:00:30] Weighted Error Value: White=1.00/Black=0.17 (very precise)} 0-1

[Event "FIDE WSTC-50-65 2022"]
[Site "Acqui Terme"]
[Date "2022.06.29"]
[Round "9.9"]
[White "Gruenfeld, Yehuda"]
[Black "Littlewood, Paul E"]
[Result "1/2-1/2"]
[ECO "C99"]
[WhiteElo "2424"]
[BlackElo "2347"]
[Annotator "TA"]
[PlyCount "97"]
[EventDate "2022.06.20"]
[EventType "team-tourn"]
[EventCountry "ITA"]
[SourceTitle "playchess.com"]
[Source "ChessBase"]
[SourceQuality "1"]
[TimeControl "40/5400+30:1800+30"]

1. e4 e5 2. Nf3 Nc6 3. Bb5 a6 4. Ba4 Nf6 5. O-O Be7 6. Re1 b5 7. Bb3 d6 8. c3 O-O 9. h3 Na5 10. Bc2 c5 11. d4 Qc7 12. Nbd2 cxd4 13. cxd4 Bd7 14. Nf1 Rac8 15. Re2 Rfe8 16. Ne3 {[%emt 0:09:30] C99: Closed Ruy Lopez: Chigorin Defence: 11 d4 Qc7 12 Nbd2 cxd4.} Nc6 {[%emt 0:06:30] [#]} 17. a3 $146 ({Predecessor:} 17. dxe5 Nxe5 18. Nxe5 dxe5 19. Bb3 Red8 20. Nd5 Nxd5 21. exd5 Bf5 22. Be3 Qd6 23. a4 b4 {½-½ (53) Purgar,I (1944)-Kolaric,S (1827) Sibenik 2007}) 17... exd4 18. Nxd4 Bf8 19. Nf3 Ne5 (19... Nxe4 $2 20. Bxe4 h6 21. Nd5 $18) 20. Nxe5 dxe5 21. Bb3 Qb7 22. Nd5 Nxd5 23. Bxd5 Bc6 24. Be3 Bxd5 25. exd5 Bd6 26. Rc2 {[%emt 0:04:30] The position is equal.} Rxc2 27. Qxc2 Qxd5 28. Rd1 Qe6 29. Qc6 Bf8 30. Qxe6 fxe6 $11 {[%emt 0:00:30][%mdl 4096] Endgame KRB-KRB} 31. Rd7 Rc8 32. Ra7 Rc6 33. b4 h5 34. Kf1 Kh7 35. g4 hxg4 36. hxg4 Kg6 37. Ke2 Bd6 38. Kd3 Kf6 39. f3 Kg6 40. Rb7 Kf6 41. Rb6 Rxb6 42. Bxb6 {[%emt 0:00:00] KB-KB} g5 43. Ke4 Kg6 44. Bd8 Bb8 45. Be7 Bc7 46. Bc5 Kf6 47. Be3 Bd6 48. Bd2 Bc7 49. Bc3 {[%emt 0:00:00] A rather calm draw.  Weighted Error Value: White=0.04 (flawless) /Black=0.04 (flawless)} 1/2-1/2

[Event "FIDE WSTC-50-65 2022"]
[Site "Acqui Terme"]
[Date "2022.06.29"]
[Round "9.10"]
[White "Stebbings, Anthony J"]
[Black "Bykhovsky, Avigdor"]
[Result "1/2-1/2"]
[ECO "D46"]
[WhiteElo "2297"]
[BlackElo "2387"]
[Annotator "TA"]
[PlyCount "59"]
[EventDate "2022.06.20"]
[EventType "team-tourn"]
[EventCountry "ITA"]
[SourceTitle "playchess.com"]
[Source "ChessBase"]
[SourceQuality "1"]
[TimeControl "40/5400+30:1800+30"]

1. d4 d5 2. c4 c6 3. Nc3 Nf6 4. e3 e6 5. Nf3 Nbd7 6. Qc2 Bd6 7. Bd3 O-O 8. O-O dxc4 9. Bxc4 b5 10. Bd3 Bb7 11. e4 e5 12. h3 {[%emt 0:00:30] D46: Semi-Slav: 5 e3 Nbd7 6 Bd3, Black avoids the Meran.} exd4 13. Nxd4 Nc5 14. Rd1 {[%emt 0:05:30] White has an edge.} Nxd3 (14... Qc7 $11) 15. Rxd3 $16 {[%emt 0:08:30] [#] Threatens to win with Nf5.} Qc7 16. Bg5 Be5 17. Nf3 {[%emt 0:08:30] [#]} b4 $146 ({Predecessor:} 17... Nh5 18. Rad1 Bxc3 19. Rd7 Qb6 20. Qxc3 Bc8 21. R7d6 Be6 22. Nd4 b4 23. Qf3 g6 24. Nxc6 Qb5 25. Bh6 Rfe8 26. g4 {1-0 (26) Ghosh,D (2570)-Raghunandan,K (2416) New Delhi 2017}) 18. Bxf6 gxf6 19. Nxe5 Qxe5 20. Ne2 c5 {[%emt 0:01:30] [#]} 21. f3 (21. Ng3 $1 $16) 21... Rad8 22. Rad1 Rxd3 23. Rxd3 f5 $1 24. exf5 {[%emt 0:01:00] Black must now prevent f4.} (24. f4 $5 Qxe4 25. Ng3 $11 (25. Rg3+ Kh8 $11)) 24... Ba6 $1 {[%emt 0:03:55] The position is equal.} 25. Rd2 Re8 26. Nc1 Qe1+ 27. Kh2 Qe5+ 28. Kg1 Qe1+ {[%emt 0:00:47][%mdl 1024] Black has compensation.} 29. Kh2 Qe5+ 30. Kh1 {[%emt 0:00:00] Weighted Error Value: White=0.13 (very precise) /Black=0.08 (flawless)} 1/2-1/2

[Event "FIDE WSTC-50-65 2022"]
[Site "Acqui Terme"]
[Date "2022.06.29"]
[Round "9.11"]
[White "Birnboim, Nathan"]
[Black "Povah, Nigel E"]
[Result "1-0"]
[ECO "A62"]
[WhiteElo "2383"]
[BlackElo "2201"]
[Annotator "TA"]
[PlyCount "81"]
[EventDate "2022.06.20"]
[EventType "team-tourn"]
[EventCountry "ITA"]
[SourceTitle "playchess.com"]
[Source "ChessBase"]
[SourceQuality "1"]
[TimeControl "40/5400+30:1800+30"]

1. d4 Nf6 2. c4 e6 3. g3 c5 4. d5 exd5 5. cxd5 d6 6. Nc3 g6 7. Bg2 Bg7 8. Nf3 O-O 9. O-O Re8 10. Bf4 Bf5 {[%emt 0:00:30] is currently scoring better than 10...a6. A62: Modern Benoni: Fianchetto Variation without early ...Nbd7.} 11. Nd2 Nh5 12. Be3 a6 {[%emt 0:13:30] The position is equal.} 13. a4 Nd7 14. Nc4 Ne5 15. Nxe5 Bxe5 {[%emt 0:01:30] [#]} 16. Qd2 $146 ({Predecessor:} 16. Bd2 Qd7 17. Re1 Bh3 18. Bf3 Nf6 19. a5 Rab8 20. Na4 h5 21. Bc3 h4 22. Qd3 {0-1 (78) Krylov,I (2339)-Kovalenko,I (2659) Chess.com INT 2017}) 16... Bd7 17. a5 b5 18. axb6 $1 Qxb6 19. Ra2 f5 20. Rfa1 Bg7 21. Bh6 Bh8 22. h3 Nf6 23. Qd3 Bc8 24. Qc2 Ra7 25. Bd2 Rae7 26. e3 Bb7 27. Rd1 Bg7 28. Ne2 Qd8 (28... Bxd5 $2 29. Bxd5+ Nxd5 30. Qc4 $18) 29. Ba5 Qa8 30. Nc3 Kh8 (30... Bc8 $142) 31. b4 $16 Qc8 32. Na4 cxb4 33. Qb3 Nd7 $2 {[%emt 0:01:23] [#]} (33... Ne4 $16) 34. Bxb4 Be5 35. Rc2 Qa8 36. Qa3 Qb8 37. f4 $2 (37. Nb2 $18 {and White stays clearly on top.}) 37... a5 {[%emt 0:00:21] [#]} 38. Bd2 $36 {[%emt 0:01:08][%mdl 2048] White is on the roll. White is much more active.} ({But not} 38. fxe5 $6 axb4 39. Qxb4 Nxe5 $11) ({Much worse is} 38. Bxa5 $6 Bg7 $14) 38... Bf6 (38... Bg7 $16) 39. Rb1 $18 Qa7 $2 (39... g5) 40. Qxd6 Ba6 41. Rc7 {[%emt 0:01:34] Weighted Error Value: White=0.13 (very precise) /Black=0.27 (precise)} 1-0

[Event "FIDE WSTC-50-65 2022"]
[Site "Acqui Terme"]
[Date "2022.06.29"]
[Round "9.12"]
[White "Snape, Ian L"]
[Black "Berkovich, Mark A"]
[Result "1/2-1/2"]
[ECO "A21"]
[WhiteElo "2112"]
[BlackElo "2337"]
[Annotator "TA"]
[PlyCount "45"]
[EventDate "2022.06.20"]
[EventType "team-tourn"]
[EventCountry "ITA"]
[SourceTitle "playchess.com"]
[Source "ChessBase"]
[SourceQuality "1"]
[TimeControl "40/5400+30:1800+30"]

1. c4 e5 2. Nc3 Bb4 3. Nd5 Be7 4. d4 d6 5. Nf3 Nf6 6. Nxe7 {[%emt 0:01:30] A21: English Opening: 1...e5 2 Nc3.} Qxe7 7. e3 O-O 8. Be2 {[%emt 0:00:30] [#]} Re8 $146 ({Predecessor:} 8... Bg4 9. h3 Bh5 10. g4 Bg6 11. b3 Nc6 12. Bb2 Rfe8 13. Rg1 Ne4 14. d5 Nb4 {½-½ (53) Van Wely,L (2612)-Mchedlishvili,M (2587) Abu Dhabi 2021}) 9. O-O e4 10. Ne1 Bf5 11. f4 exf3 $1 12. gxf3 c5 13. d5 Nbd7 14. Rf2 Ne5 15. Ng2 Ng6 16. Bd2 Bh3 17. Bd3 b5 18. cxb5 Nxd5 19. Be4 Qe5 {[%emt 0:02:30] [#]} (19... Qb7 $1 $11 {remains equal.}) 20. Bc1 $2 (20. Be1 $1 $16 Nb6 21. Bxa8 Rxa8 22. Bc3) 20... Be6 21. Bxg6 {[%emt 0:05:30] The position is equal.} hxg6 22. e4 Nc7 23. Bf4 {[%emt 0:01:30] Weighted Error Value: White=0.22 (precise) /Black=0.15 (very precise)} 1/2-1/2

[Event "FIDE WSTC-50-65 2022"]
[Site "Acqui Terme"]
[Date "2022.06.29"]
[Round "9.13"]
[White "Knaak, Rainer"]
[Black "Thuesen, Mogens"]
[Result "0-1"]
[ECO "D35"]
[WhiteElo "2479"]
[BlackElo "2255"]
[Annotator "TA"]
[PlyCount "84"]
[EventDate "2022.06.20"]
[EventType "team-tourn"]
[EventCountry "ITA"]
[SourceTitle "playchess.com"]
[Source "ChessBase"]
[SourceQuality "1"]
[TimeControl "40/5400+30:1800+30"]

1. d4 d5 2. c4 e6 3. Nc3 Nf6 4. cxd5 exd5 5. Bg5 c6 6. e3 Bd6 7. Bd3 O-O 8. Nf3 Re8 9. Qc2 h6 10. Bh4 a5 {[%emt 0:05:30] D35: Queen's Gambit Declined: Exchange Variation.} 11. O-O Na6 ({Black should try} 11... Bg4 $11) 12. a3 $14 Bg4 {[%emt 0:00:30] White is slightly better.} 13. Nd2 Bd7 14. Bg3 (14. h3 $14) 14... Bxg3 $11 15. hxg3 {[%emt 0:00:00] [#]} Ng4 $146 ({Predecessor:} 15... Nc7 16. Na4 Ne6 17. b4 Ng4 18. Nf3 Ng5 19. Nc5 Bc8 20. b5 Qf6 21. Be2 Bf5 {1-0 (42) Marcinczyk,M (1886)-Rosen,E (2353) Chess.com INT 2020}) 16. Rfe1 Qf6 17. Nf1 h5 18. f3 Nh6 19. Qf2 Nc7 20. e4 Qg6 21. Ne2 ({Better is} 21. Ne3 $14) 21... dxe4 22. Nf4 Qd6 23. Bxe4 h4 24. Qd2 hxg3 25. Nxg3 Ne6 26. Nfe2 c5 27. d5 Nd4 28. Nxd4 {[%emt 0:06:52] [#] Ndf5 is the strong threat.} Qxg3 29. Ne2 Qd6 30. a4 Re5 31. Nc3 Rae8 (31... c4 $5 ) 32. Bc2 Bf5 {[%emt 0:01:19] And now ...Rxe1+ would win.} 33. Bxf5 Nxf5 34. Ne4 (34. Rad1 $11) 34... Qg6 {[%emt 0:00:55] White should prevent ...Nd4.} (34... Qd8 $5 35. Nc3 Ne3 $17) 35. Nf2 $2 {[%emt 0:04:26][%mdl 8192] Now White is beyond hope.} (35. d6 $11 Nd4 36. Kf2) 35... Nd4 $19 {[%emt 0:04:38] ( -> ...Nxf3+)} 36. Ng4 $2 (36. Kf1 Qa6+ 37. Kg1) 36... Re2 {[%emt 0:00:10] Black is clearly winning.} 37. Rxe2 Rxe2 ({Worse is} 37... Nxe2+ 38. Kf2 $11) 38. Qf4 f5 39. Ne3 {[%emt 0:00:05] [#]} Rxg2+ $3 40. Nxg2 Ne2+ 41. Kf2 Nxf4 42. Nxf4 Qd6 {Weighted Error Value: White=0.48/Black=0.09 (flawless)} 0-1

[Event "FIDE WSTC-50-65 2022"]
[Site "Acqui Terme"]
[Date "2022.06.29"]
[Round "9.14"]
[White "Kolbak, Jens"]
[Black "Chevelevitch, Evgueni"]
[Result "1/2-1/2"]
[ECO "D02"]
[WhiteElo "2155"]
[BlackElo "2369"]
[Annotator "TA"]
[PlyCount "37"]
[EventDate "2022.06.20"]
[EventType "team-tourn"]
[EventCountry "ITA"]
[SourceTitle "playchess.com"]
[Source "ChessBase"]
[SourceQuality "1"]
[TimeControl "40/5400+30:1800+30"]

1. d4 Nf6 2. Nf3 g6 3. Nbd2 d5 4. e3 Bf5 {[%emt 0:03:30] [#]} 5. Ne5 $146 ({Predecessor:} 5. Bd3 Ne4 6. Nh4 e6 7. Nxf5 gxf5 8. c4 c6 9. cxd5 cxd5 10. g4 Qh4 11. Qa4+ Nc6 12. Nxe4 fxe4 {0-1 (33) Mikadze,M (2240)-Alaverdyan,G (2355) Poti 2014}) 5... Nbd7 6. Bd3 {[%emt 0:09:30] D02: 1 d4 d5 2 Nf3 sidelines, including 2...Nf6 3 g3 and 2...Nf6 3 Bf4.} Bxd3 7. cxd3 c6 8. O-O Nxe5 9. dxe5 Nd7 10. d4 {[%emt 0:02:00] The position is equal.} e6 11. Nf3 Be7 12. b3 O-O 13. Bb2 c5 14. Qe2 Rc8 15. Rfc1 Qa5 16. Bc3 Qa3 17. Bb2 Qa5 18. Bc3 Qa3 19. Bb2 {[%emt 0:00:00] A rather calm draw.  Weighted Error Value: White=0.05 (flawless) /Black=0.06 (flawless)} 1/2-1/2

[Event "FIDE WSTC-50-65 2022"]
[Site "Acqui Terme"]
[Date "2022.06.29"]
[Round "9.15"]
[White "Kiefer, Gerhard"]
[Black "Sonderstrup, Bjarne"]
[Result "1-0"]
[ECO "B33"]
[WhiteElo "2224"]
[BlackElo "2049"]
[Annotator "NA RC"]
[PlyCount "57"]
[EventDate "2022.06.20"]
[EventType "team-tourn"]
[EventCountry "ITA"]
[SourceTitle "playchess.com"]
[Source "ChessBase"]
[SourceQuality "1"]
[TimeControl "40/5400+30:1800+30"]

1. e4 c5 2. Nf3 Nc6 3. d4 cxd4 4. Nxd4 Nf6 5. Nc3 e5 6. Ndb5 d6 7. Bg5 a6 8. Na3 Be6 9. Nc4 Rc8 10. Bxf6 gxf6 11. Bd3 Ne7 12. Ne3 Bh6 13. Ng4 Bg7 14. Qf3 Nc6 15. O-O Nd4 16. Qg3 $14 Kf8 17. Ne3 h5 18. Qh4 Kg8 19. Ncd5 Bxd5 20. Nxd5 Ne6 21. g3 Rh6 22. f4 exf4 23. gxf4 Rg6+ 24. Kh1 Rg4 25. Qxh5 f5 26. Qxf5 Qh4 27. Rg1 Rxf4 28. Nxf4 Qxf4 29. Raf1 1-0

[Event "FIDE WSTC-50-65 2022"]
[Site "Acqui Terme"]
[Date "2022.06.29"]
[Round "9.16"]
[White "Nielsen, Christian Volmer"]
[Black "Kierzek, Matthias"]
[Result "1/2-1/2"]
[ECO "B13"]
[WhiteElo "1987"]
[BlackElo "2224"]
[Annotator "NA RC"]
[PlyCount "48"]
[EventDate "2022.06.20"]
[EventType "team-tourn"]
[EventCountry "ITA"]
[SourceTitle "playchess.com"]
[Source "ChessBase"]
[SourceQuality "1"]
[TimeControl "40/5400+30:1800+30"]

1. e4 c6 2. d4 d5 3. exd5 cxd5 4. c4 Nf6 5. Nc3 Nc6 6. Nf3 Bg4 7. Be2 e6 8. Be3 Be7 9. O-O O-O 10. Ne5 Bxe2 $1 11. Qxe2 Rc8 12. Rac1 (12. Nxc6 $11 bxc6 13. c5) 12... dxc4 13. Rfd1 Na5 $11 14. Rc2 Nd5 15. Bc1 a6 16. f4 b5 17. Qf3 b4 18. Ne4 b3 19. axb3 cxb3 20. Rf2 f5 21. Ng5 Bxg5 22. fxg5 g6 23. h4 Nc4 24. Nxc4 Rxc4 1/2-1/2